 Dungeon Crawl Stone Soup version 0.24-a0-581-gc0fa660 (webtiles) character file.

Game seed: 15434468049750338750

211 HarryHood the Skirmisher (level 5, 0/36 HPs)
             Began as a Gargoyle Fighter on Aug 24, 2019.
             Slain by Crazy Yiuf
             ... wielding a +2 quarterstaff of chaos
              (1 damage)
             ... while paralysed by Crazy Yiuf
             ... on level 4 of the Dungeon.
             The game lasted 00:07:44 (2093 turns).

HarryHood the Skirmisher (Gargoyle Fighter)         Turns: 2093, Time: 00:07:45

Health: 0/36       AC: 15    Str: 20    XL:     5   Next: 88%
Magic:  2/5        EV:  2    Int:  8    God:
Gold:   224        SH:  0    Dex: 10    Spells: 4/4 levels left

rFire    + . .     SeeInvis .   a - +0 flail
rCold    . . .     Gourm    .   c - +0 shield
rNeg     + . .     Faith    .   l - +0 chain mail
rPois    ∞         Spirit   .   (no helmet)
rElec    +         Reflect  .   n - +0 cloak
rCorr    .         Harm     .   i - +0 pair of gloves
MR       .....                  (no boots)
Stlth    ..........             (no amulet)
HPRegen  0.12/turn              (no ring)
MPRegen  0.09/turn              q - ring of protection from fire

@: paralysed, very slightly contaminated, slowed, invisible
A: negative energy resistance 1, electricity resistance, unbreathing,
petrification resistance, rot immunity, AC +4
a: no special abilities


You were on level 4 of the Dungeon.
You were not hungry.

You visited 1 branch of the dungeon, and saw 4 of its levels.

You collected 224 gold pieces.

Inventory:

Hand Weapons
 a - a +0 flail (weapon)
Armour
 c - a +0 shield (worn)
 i - a +0 pair of gloves (worn)
 l - a +0 chain mail (worn)
 n - a +0 cloak (worn)
Jewellery
 h - an uncursed ring of wizardry {unknown}
 q - a ring of protection from fire (right hand)
Scrolls
 m - a scroll of fear
Potions
 d - a potion of might
 f - 4 potions of heal wounds {@q1}
 g - a potion of lignification {unknown}
 j - a potion of haste {unknown}
 k - a potion of brilliance {unknown}
 o - a potion of curing {unknown}
 p - 2 potions of ambrosia
Comestibles
 b - 3 chunks of flesh
 e - 11 rations {@e1}


   Skills:
 - Level 6.0 Fighting
 + Level 3.0 Maces & Flails
 + Level 4.1 Armour
 - Level 3.2 Shields


You had 4 spell levels left.
You didn't know any spells.
Your spell library was empty.

Dungeon Overview and Level Annotations

Branches:
Dungeon (4/15)
 Temple: D:4-7

Altars:
Nemelex Xobeh
Uskayaw

Annotations:
D:4 Crazy Yiuf


Innate Abilities, Weirdness & Mutations

You are resistant to torment.
Your stone body is resilient. (AC +4)
You are immune to poison.
You resist negative energy. (rN+)
You are resistant to electric shocks. (rElec)
You can survive without breathing.
You are immune to petrification.
You are immune to rotting.


Message History

You hit Crazy Yiuf but do no damage.
Crazy Yiuf hits you with a +2 quarterstaff of chaos.
You fade into invisibility!
You are very lightly contaminated with residual magic.
Crazy Yiuf hits you with a +2 quarterstaff of chaos!
You feel your power leaking away.
You take 11 damage, and have 25/36 hp.
MASSIVE DAMAGE!!
You now have 2/5 mp.
You catch the helpless Crazy Yiuf completely off-guard!
You sock Crazy Yiuf! Crazy Yiuf hits you but does no damage.
Space warps horribly around you!
You take 14 damage, and have 11/36 hp.
MASSIVE DAMAGE!!
You sock Crazy Yiuf!
Crazy Yiuf hits you with a +2 quarterstaff of chaos.
* * * LOW HITPOINT WARNING * * *
You feel yourself slow down.
Crazy Yiuf hits you with a +2 quarterstaff of chaos.
* * * LOW HITPOINT WARNING * * *
You suddenly lose the ability to move!
Crazy Yiuf hits you with a +2 quarterstaff of chaos.
You die...

#...............#
#...............#
#...............#
#########.......#
#.......#
#######.......# ▒▒▒
###.#...........#
▒...▒#..#............#
▒...g@####...........#
▒)..▒## ##..........#
▒▒▒ #####......#
#......# #......#
#......# ######.. #..
#..


You could see Crazy Yiuf (berserk).

Vanquished Creatures
  An ogre (D:2)
  A hound (D:2)
  An orc priest (D:2)
  A hound skeleton (D:2)
  An ooze (D:1)
  A worm (D:2)
  A dart slug (D:3)
  2 leopard geckos (D:1)
  3 orcs (D:2)
  3 bats
  3 giant cockroaches
  6 goblins
  6 hobgoblins
  6 jackals
  2 kobolds (D:2)
  A quokka (D:2)
  A ball python (D:3)
  5 rats
45 creatures vanquished.

Notes
Turn   | Place    | Note
-------+----------+-------------------------------------------
     0 | D:1      | HarryHood the Gargoyle Fighter began the quest for the Orb.
     0 | D:1      | Reached XP level 1. HP: 14/14 MP: 1/1
    69 | D:1      | Reached XP level 2. HP: 17/20 MP: 2/2
    72 | D:1      | Reached skill level 4 in Fighting
   445 | D:1      | Reached XP level 3. HP: 22/24 MP: 3/3
   547 | D:2      | Reached skill level 5 in Fighting
   554 | D:2      | Reached XP level 4. HP: 25/31 MP: 4/4
   600 | D:2      | Found a hide-covered altar of Uskayaw.
   670 | D:2      | Found a sparkling altar of Nemelex Xobeh.
   677 | D:2      | Reached skill level 6 in Fighting
   811 | D:2      | Noticed an ogre
   825 | D:2      | Killed an ogre
   825 | D:2      | Reached skill level 4 in Armour
   825 | D:2      | Reached XP level 5. HP: 16/36 MP: 5/5
  1893 | D:3      | Reached skill level 3 in Maces & Flails
  2078 | D:4      | Found a runed translucent door.
  2079 | D:4      | Noticed Crazy Yiuf
  2092 | D:4      | HP: 1/36 [Crazy Yiuf/+2 quarterstaff of chaos (6)]
  2092 | D:4      | Paralysed by Crazy Yiuf for 6 turns
  2093 | D:4      | Slain by Crazy Yiuf

Levels and vault maps discovered:
D:1:      sevenhm_arrival_forest_fort_large_4, layout_rooms,
          minmay_crystal_water
D:2:      layout_basic, eat_drink_and_be_merry_uskayaw,
          nicolae_overflow_crystal_walls
D:3:      layout_rooms, first_ration
D:4:      layout_gridville, nicolae_overflow_hidden_temple,
          ebering_ghost_disaster_area, uniq_crazy_yiuf_cottage

Skill      XL: |  1  2  3  4  5 |
---------------+----------------+-----
Fighting       | 4 5 6 |  6.0
Armour         | 4 |  4.1
Maces & Flails | 3 |  3.0
Shields        | |  3.2

Action                   |  1- 3 |  4- 6 || total
-------------------------+-------+-------++-------
Melee: Flail             |    65 |   104 ||   169
  Use: Scroll            |     1 |     4 ||     5
 Stab: Invisible         |       |     1 ||     1
  Eat: Chunk             |       |     4 ||     4
Armor: Scale mail        |    37 |     8 ||    45
       Chain mail        |       |    42 ||    42
Dodge: Dodged            |    26 |    27 ||    53
Block: Shield            |    32 |    42 ||    74

Table legend:
 A = Non-vault XP
 B = Vault XP
 C = Vault XP percentage of total XP
 D = Non-vault monster count
 E = Vault monster count
 F = Vault count percentage of total count
                 A         B        C        D         E       F
            +---------+---------+-------+---------+---------+-------
      Total |     302 |       0 |   0.0 |      45 |       0 |   0.0
            +---------+---------+-------+---------+---------+-------
        D:1 |      35 |       0 |   0.0 |      15 |       0 |   0.0
        D:2 |     249 |       0 |   0.0 |      21 |       0 |   0.0
        D:3 |      18 |       0 |   0.0 |       9 |       0 |   0.0
            +---------+---------+-------+---------+---------+-------
